 Dungeon Crawl Stone Soup version 0.29-a0-973-gac7da5f7f0 (webtiles) character file.

Game seed: 7444643847365295511

56335 jlumianski the Cleaver (level 14, -5/108 HPs)
             Began as a Demonspawn Fighter on July 30, 2022.
             Was a High Priest of Qazlal.
             Slain by an orc warlord
             ... wielding a +2 war axe
              (30 damage)
             ... on level 2 of the Orcish Mines on July 31, 2022.
             The game lasted 02:14:39 (19343 turns).

jlumianski the Cleaver (Demonspawn Fighter)        Turns: 19343, Time: 02:14:40

Health: -5/108     AC: 27    Str: 19    XL:     14   Next: 41%
Magic:  13/18      EV: 12    Int: 11    God:    Qazlal [*****.]
Gold:   1739       SH: 17    Dex: 12    Spells: 13/13 levels left

rFire   . . .      SeeInvis .   I - +1 broad axe
rCold   . . .      Faith    .   C - +0 kite shield
rNeg    + . .      Spirit   .   p - +0 plate armour
rPois   .          Reflect  .   (helmet unavailable)
rElec   .          Harm     .   E - +1 cloak {Stlth+}
rCorr   .          Rampage  .   w - +2 pair of gloves
Will    +....                   M - +2 pair of boots
Stlth   ..........              v - amulet of regeneration
HPRegen 1.08/turn               n - ring of flight
MPRegen 0.16/turn               i - ring of positive energy

@: mighty, agile, protected from physical damage, flying, repel missiles
A: horns 3, thin metallic scales 1, ignite blood 1, powered by pain 1, low MP 1,
weak 1
a: Renounce Religion, Upheaval, Elemental Force, Disaster Area


You were on level 2 of the Orcish Mines.
You worshipped Qazlal.
Qazlal was extremely pleased with you.
You visited 4 branches of the dungeon, and saw 19 of its levels.
You also visited: Bailey.

You collected 2058 gold pieces.
You spent 319 gold pieces at shops.

Inventory:

Hand Weapons
 l - a +3 scimitar of flaming
 I - a +1 broad axe (weapon)
Missiles
 A - 22 poisoned darts
 D - 28 boomerangs (quivered)
 L - 3 throwing nets
Armour
 p - a +0 plate armour (worn)
 s - a +1 cloak
 w - a +2 pair of gloves (worn)
 y - the +5 leather armour of the Soldier {rPois}
   (You found it on level 4 of the Dungeon)

   rPois:     It protects you from poison.
 C - a +0 kite shield (worn)
 E - a +1 cloak of stealth (worn)
 M - a +2 pair of boots (worn)
Magical Staves
 x - a staff of air
Jewellery
 b - a ring of poison resistance
 i - a ring of positive energy (right hand)
 n - a ring of flight (left hand)
 u - a ring of ice
 v - an amulet of regeneration (around neck)
 z - a ring of magical power
Wands
 h - a wand of flame (9)
 t - a wand of charming (8)
 B - a wand of digging (2)
 F - a wand of light (9)
Scrolls
 a - a scroll of amnesia
 f - a scroll of vulnerability
 j - a scroll of butterflies
 r - 4 scrolls of teleportation
 G - 3 scrolls of poison
 N - a scroll of summoning
Potions
 c - 4 potions of lignification
 d - a potion of might
 e - 12 potions of curing
 g - 3 potions of attraction
 k - 4 potions of heal wounds
 m - 2 potions of haste
 o - 2 potions of cancellation
 q - 3 potions of invisibility
Miscellaneous
 J - a piece from Xom's chessboard (15/15)


   Skills:
 + Level 9.4 Fighting
 + Level 0.8 Long Blades
 + Level 13.4 Axes
 + Level 2.1 Throwing
 * Level 8.0 Armour
 + Level 6.8 Dodging
 - Level 2.1 Stealth
 + Level 10.8 Shields
 * Level 9.3 Invocations
 * Level 8.5 Evocations


You had 13 spell levels left.
You didn't know any spells.
Your spell library contained the following spells:

 Spells                   Type           Power      Damage    Failure   Level
 Ensorcelled Hibernation  Hex/Ice        0%         N/A       100%        2
 Conjure Flame            Conj/Fire      0%         6-21      100%        3
 Ignite Poison            Fire/Tmut/Pois 0%         N/A       100%        3
 Mephitic Cloud           Conj/Pois/Air  0%         N/A       100%        3
 Ozocubu's Armour         Ice            0%         N/A       100%        3
 Spider Form              Tmut/Pois      0%         N/A       100%        3
 Anguish                  Hex/Necr       0%         N/A       100%        4
 Cause Fear               Hex            0%         N/A       100%        4
 Corpse Rot               Necr/Pois/Air  0%         N/A       100%        4
 Sticky Flame             Conj/Fire      0%         2d3       100%        4
 Freezing Cloud           Conj/Ice/Air   0%         6-21      100%        5
 Metabolic Englaciation   Hex/Ice        0%         N/A       100%        5
 Simulacrum               Ice/Necr       0%         N/A       100%        6
 Dragon Form              Tmut           0%         N/A       100%        7
 Dragon's Call            Summ           0%         N/A       100%        9
 Polar Vortex             Ice            0%         N/A       100%        9


Dungeon Overview and Level Annotations

Branches:
Dungeon (15/15)            Temple (1/1) D:6            Lair (1/5) D:9
    Orc (2/2) D:12            Elf (0/3) Orc:2        Vaults (0/5) D:13
 Depths (0/4) D:15         Bailey (visited)

Altars:
Ashenzari
Cheibriados
Dithmenos
Hepliaklqana
Kikubaaqudgha
Nemelex Xobeh
Okawaru
Qazlal
Uskayaw
Wu Jian
Xom
Yredelemnul

Shops:
D:6 !   D:9 !   Orc:2 !=

Annotations:
D:3 1 runed translucent door, Crazy Yiuf


Innate Abilities, Weirdness & Mutations

You have a pair of large horns on your head.
You are partially covered in thin metallic scales. (AC +2)
Your demonic aura sometimes causes spilled blood to erupt in flames.
You sometimes gain a little power by taking damage.
Your magical capacity is low. (-10% MP)
You are weak. (Str -2)


Message History

The orc warlord blocks your attack. x2
The orc warlord is severely wounded.
You hit the orc priest. You slash the orc priest!
You hear a shout!
The orc priest closely misses you. You block the orc warlord's attack.
The orc priest looks braver for a moment.
The orc priest calls upon Beogh to heal the orc priest.
The orc priest is healed somewhat.
You block the orc priest's attack. The orc warlord blocks your attack.
The orc warlord is severely wounded.
You barely miss the orc priest. You slash the orc priest!
You kill the orc priest!
Qazlal accepts your kill.
You hear a shout!
The orc warlord hits you but does no damage.
You hit the orc warlord but do no damage.
The orc warlord is severely wounded.
You barely miss the orc priest.
The orc priest invokes the aid of Beogh against you.
Pain shoots through your body!
The orc warlord roars a battlecry!
The orc priests go into a battle-frenzy!
You block the orc priest's attack.
You hit the orc warlord.
The orc warlord is severely wounded.
You completely miss the orc priest.
You hear a shout!
You block the orc warlord's attack.
The orc priest invokes the aid of Beogh against you.
Beogh smites you!
* * * LOW HITPOINT WARNING * * *
You focus on the pain.
You feel very mighty all of a sudden. The orc priest closely misses you.
Activating: Elemental Force (1% risk of failure)
Press: ? - help, Dir - look around, f - activate Clouds arounds you coalesce and take form!
You hear a shout! x2
The orc warlord hits you with a +2 war axe!!
You die...

#.#####'###.###
....##...##.....).).....#
..... ...#####.[[.##'##.#
.....##..##(.#....#.[.#.#
......#...#..'....#.).#..
#.......EE#..####.#####.#
##.....o..####..........#
8...8.oo8)####.####.....#
......E○@o)....#..#..⌠..#
8...8...8)####.'..#.....#
##....o...####.#.)#......
#.........#).#.####.#####
......#...#..'......#...#
.....##..##..#....#.#)..#
..... ...#####....#.##)##
....##...##.......#......
#.#####'###.###


You could see an orc warlord, 4 orc priests and 3 friendly earth elementals.

Vanquished Creatures
  Kirke (D:15)
  Harold (D:10)
  A vault guard (D:12)
  Erolcha (D:10)
  2 boulder beetles (D:15)
  2 hydras
  A catoblepas (D:15)
  9 two-headed ogres
  4 ogre magi (D:15)
  9 skeletal warriors
  Pikel (D:8)
  A wizard (D:14)
  7 orc knights
  5 orc sorcerers
  A deep elf pyromancer (D:14)
  An ugly thing (D:11)
  6 cyclopes
  3 manticores
  Maurice (Orc:1)
  A gargoyle (D:12)
  3 kobold demonologists
  2 efreet
  2 tengu conjurers
  5 trolls
  A hornet (D:11)
  19 slime creatures
  A blink frog (D:9)
  A shadow (D:11)
  A centaur simulacrum (D:15)
  A vampire (D:14)
  A wyvern (D:7)
  9 humans
  19 yaks
  A wraith (D:12)
  A basilisk (D:14)
  4 hogs (D:14)
  A golden eye (shapeshifter) (D:15)
  A steam dragon (D:9)
  4 vampire mosquitoes
  3 wargs
  An acid dragon (D:8)
  7 water moccasins
  3 sky beasts
  3 black bears (D:8)
  2 ice beasts
  15 ogres
  41 orc warriors
  4 boggarts
  A wolf (D:6)
  8 centaurs
  A phantom (D:6)
  2 kobold brigands
  3 bullfrogs (D:8)
  5 gnoll sergeants
  A scorpion (D:6)
  2 necrophages
  15 killer bees
  6 howler monkeys
  4 gnoll boudas
  6 hounds
  28 orc priests
  3 iguanas
  19 orc wizards
  36 gnolls
  11 adders
  2 white imps
  2 worms
  3 dart slugs
  125 orcs
  7 ball pythons
  A bat zombie (D:12)
  2 endoplasms
  2 giant cockroaches (D:1)
  11 goblins
  5 hobgoblins
  15 jackals
  24 kobolds
  7 bats
  6 frilled lizards
  8 rats
  A rat zombie (D:12)
586 creatures vanquished.

Vanquished Creatures (collateral kills)
  A boulder beetle (D:13)
  A two-headed ogre (D:12)
  An orc high priest (Orc:2)
  A deep elf pyromancer (D:14)
  A tengu conjurer (D:15)
  An orc warrior (Orc:2)
  2 killer bees (D:11)
  An orc priest (D:11)
9 creatures vanquished.

Vanquished Creatures (others)
  2 humans (D:13)
  3 gnolls (D:9)
  2 jackals (D:6)
  43 fungi
  39 plants (D:9)
89 creatures vanquished.

Grand Total: 684 creatures vanquished

Notes
Turn   | Place    | Note
-------+----------+-------------------------------------------
     0 | D:1      | jlumianski the Demonspawn Fighter began the quest for the
                  | Orb.
     0 | D:1      | Reached XP level 1. HP: 18/18 MP: 1/1
   256 | D:1      | Found a faded altar of an unknown god.
   265 | D:1      | Gained mutation: You have a pair of small horns on your
                  | head. [demonic ancestry]
   265 | D:1      | Reached XP level 2. HP: 24/24 MP: 2/2
   359 | D:1      | Reached skill level 2 in Axes
   561 | D:1      | Reached XP level 3. HP: 22/29 MP: 3/3
   905 | D:2      | Found an ornate altar of the Wu Jian Council.
  1986 | D:3      | Gained mutation: You are partially covered in thin metallic
                  | scales. (AC +2) [demonic ancestry]
  1986 | D:3      | Reached XP level 4. HP: 37/37 MP: 4/4
  2491 | D:3      | Reached skill level 3 in Axes
  2601 | D:3      | Found a runed translucent door.
  2602 | D:3      | Noticed Crazy Yiuf
  2762 | D:4      | Identified the +5 leather armour of the Soldier {rPois}
  2830 | D:4      | Reached skill level 1 in Dodging
  2830 | D:4      | Gained mutation: Your demonic aura sometimes causes spilled
                  | blood to erupt in flames. [demonic ancestry]
  2830 | D:4      | Reached XP level 5. HP: 37/42 MP: 5/5
  3323 | D:4      | Noticed a centaur
  3329 | D:4      | Killed a centaur
  3330 | D:4      | Reached XP level 6. HP: 48/48 MP: 6/6
  3603 | D:5      | Entered Level 5 of the Dungeon
  3671 | D:5      | Noticed a water moccasin
  3678 | D:5      | Killed a water moccasin
  3679 | D:5      | Reached skill level 4 in Axes
  3931 | D:5      | Reached XP level 7. HP: 54/54 MP: 7/7
  4963 | D:5      | Reached skill level 5 in Axes
  5214 | D:5      | Gained mutation: You have a pair of horns on your head.
                  | [demonic ancestry]
  5214 | D:5      | Reached XP level 8. HP: 61/61 MP: 8/8
  5285 | D:6      | Reached skill level 6 in Axes
  5425 | D:6      | Found Yttifyorch's Distillery.
  5434 | D:6      | Bought a potion of mutation for 104 gold pieces
  5743 | D:6      | Reached skill level 5 in Fighting
  5743 | D:6      | Reached skill level 1 in Throwing
  5743 | D:6      | Reached skill level 5 in Shields
  5855 | D:6      | Reached skill level 7 in Axes
  5892 | D:6      | Found a staircase to the Ecumenical Temple.
  5901 | Temple   | Entered the Ecumenical Temple
  5911 | Temple   | Became a worshipper of Qazlal Stormbringer
  6153 | D:6      | Reached XP level 9. HP: 54/68 MP: 9/9
  6293 | D:7      | Found a broken altar of Ashenzari.
  7043 | D:7      | Reached * piety under Qazlal
  7063 | D:7      | Reached skill level 8 in Axes
  7218 | D:8      | Reached XP level 10. HP: 59/76 MP: 10/10
  7220 | D:8      | Reached skill level 9 in Axes
  7251 | D:8      | Reached skill level 5 in Dodging
  7378 | D:9      | Got the Discourse on the Well-Done Wind
  7552 | D:10     | Entered Level 10 of the Dungeon
  7561 | D:10     | Found a flagged portal.
  7579 | Bailey   | Entered a bailey
  7615 | Bailey   | Reached ** piety under Qazlal
  7781 | Bailey   | Reached skill level 1 in Stealth
  8263 | D:8      | Reached skill level 10 in Axes
  8318 | D:9      | Noticed Pikel
  8340 | D:8      | Killed Pikel
  8422 | D:9      | Noticed an orange demon
  8435 | D:8      | Gained mutation: You have a pair of large horns on your
                  | head. [demonic ancestry]
  8435 | D:8      | Reached XP level 11. HP: 83/83 MP: 11/11
  8511 | D:9      | Found Naophu Ycam's Distillery.
  8520 | D:9      | Bought a potion of heal wounds for 65 gold pieces
  8628 | D:9      | Reached skill level 1 in Evocations
  8683 | D:10     | Noticed Erolcha
  8702 | D:9      | Found a staircase to the Lair.
  8968 | D:9      | Found a hazy altar of Hepliaklqana.
  9099 | D:10     | Reached skill level 1 in Invocations
  9156 | D:10     | Killed Erolcha
  9157 | D:10     | Reached skill level 5 in Armour
  9333 | D:10     | Noticed an orc knight
  9344 | D:10     | Killed an orc knight
  9645 | D:10     | Reached skill level 11 in Axes
  9734 | D:10     | Noticed Harold
  9754 | D:10     | Killed Harold
 10094 | D:11     | You are sucked into a shaft and drop 3 floors!
 10201 | D:14     | Noticed a centaur warrior
 10205 | D:14     | Noticed a six-headed hydra
 10206 | D:14     | Noticed a death knight
 10206 | D:14     | Noticed a skeletal warrior
 10206 | D:14     | Noticed a skeletal warrior
 10241 | D:14     | Found a shadowy altar of Dithmenos.
 10329 | D:12     | Reached *** piety under Qazlal
 10371 | D:12     | Noticed an orc knight
 10749 | D:11     | Reached XP level 12. HP: 74/91 MP: 15/15
 11274 | D:11     | Reached skill level 5 in Invocations
 11473 | D:11     | Upgraded the game from 0.29-a0-962-gc8bbfd0a37 to
                  | 0.29-a0-973-gac7da5f7f0
 12122 | D:12     | Reached skill level 5 in Evocations
 12188 | D:13     | Noticed a two-headed ogre
 12376 | D:11     | Killed a two-headed ogre
 12443 | D:12     | Found an ancient bone altar of Kikubaaqudgha.
 12582 | D:11     | Reached skill level 12 in Axes
 12795 | D:12     | Noticed a seven-headed hydra
 12823 | D:12     | Noticed a two-headed ogre
 12841 | D:12     | Killed a two-headed ogre
 13278 | D:12     | Found a staircase to the Orcish Mines.
 13747 | D:13     | Noticed a boulder beetle
 13762 | D:13     | Killed a boulder beetle
 14029 | D:13     | Noticed a vault guard
 14086 | D:12     | Killed a vault guard
 14087 | D:12     | Reached XP level 13. HP: 68/98 MP: 18/18
 14187 | D:13     | Found a gate to the Vaults.
 14944 | D:14     | Found a shimmering altar of Xom.
 14944 | D:14     | Found a shimmering altar of Xom.
 14945 | D:14     | Found a shimmering altar of Xom.
 14945 | D:14     | Found a shimmering altar of Xom.
 14946 | D:14     | Found a shimmering altar of Xom.
 14946 | D:14     | Found a shimmering altar of Xom.
 14946 | D:14     | Found a shimmering altar of Xom.
 14946 | D:14     | Found a shimmering altar of Xom.
 14947 | D:14     | Found a shimmering altar of Xom.
 14948 | D:14     | Found a shimmering altar of Xom.
 15097 | D:15     | Entered Level 15 of the Dungeon
 15251 | D:14     | HP: 3/99 [something (13)]
 15388 | D:15     | Reached skill level 10 in Shields
 15724 | D:15     | Paralysed by something for 5 turns
 16069 | D:15     | Noticed Kirke
 16296 | D:15     | Killed Kirke
 16330 | D:15     | Found a hide-covered altar of Uskayaw.
 16331 | D:15     | Found a basalt altar of Yredelemnul.
 16619 | D:15     | Found a staircase to the Depths.
 16733 | D:15     | Paralysed by something for 3 turns
 16742 | D:15     | Reached skill level 13 in Axes
 16824 | D:15     | Noticed a fire dragon
 17008 | Lair:1   | Entered Level 1 of the Lair of Beasts
 17130 | Orc:1    | Entered Level 1 of the Orcish Mines
 17180 | D:12     | Gained mutation: You sometimes gain a little power by
                  | taking damage. [demonic ancestry]
 17180 | D:12     | Reached XP level 14. HP: 81/107 MP: 20/20
 17215 | Orc:1    | Reached **** piety under Qazlal
 17569 | Orc:2    | Entered Level 2 of the Orcish Mines
 17719 | Orc:1    | Reached ***** piety under Qazlal
 18032 | Orc:2    | Found Fioddang's Distillery.
 18043 | Orc:2    | Bought 2 potions of heal wounds for 150 gold pieces
 18086 | Orc:2    | Found Esetejoh's Jewellery Emporium.
 18304 | Orc:2    | Gained mutation: You are weak. (Str -2) [a neqoxec]
 18317 | Orc:2    | Paralysed by an orc sorcerer for 4 turns
 18321 | Orc:2    | Gained mutation: Your magical capacity is low. (-10% MP) [a
                  | neqoxec]
 18927 | Orc:2    | Found a staircase to the Elven Halls.
 18994 | Orc:2    | Noticed Maurice
 19049 | Orc:1    | Killed Maurice
 19299 | Orc:2    | Noticed an orc warlord
 19343 | Orc:2    | Slain by an orc warlord

Illustrated notes

Levels and vault maps discovered:
D:1:      dpeg_arrival_shrine, layout_rooms, basic_ecumenical_altar,
          minmay_hexomino_c4
D:2:      layout_loops_corners, basic_altar
D:3:      layout_loops_ring, wad_floor_pattern_untrapped,
          uniq_crazy_yiuf_cottage
D:4:      layout_loops_cross
D:5:      layout_layer_cave
D:6:      layout_cave_pools, lemuel_temple_firewalk_b, serial_gnoll_camp,
          gnoll_camp_mini_doghouse, gnoll_camp_mini_hut, gnoll_camp_medium_02,
          gnoll_camp_mini_doghouse, gnoll_camp_mini_house, gnoll_camp_mini_shop
D:7:      layout_loops_ring, evilmike_ruin_ashenzari
D:8:      layout_rooms
D:9:      layout_rooms, mainiacjoe_overflow_24_doors,
          due_lair_maze_entry_diamond, serial_shops, shop,
          nicolae_underground_beach, uniq_pikel
D:10:     layout_basic, nicolae_overflow_crystal_walls, enter_bailey_3,
          uniq_harold, uniq_erolcha
D:11:     layout_loops_corners
D:12:     layout_loops_corners, orc_0_dummy, special_room [special_room_orc],
          lemuel_zombie_altar_kikubaaqudgha
D:13:     layout_rooms, ximxim_vaults_locker_room, serial_glass,
          glass_columns_c, glass_columns_a
D:14:     layout_irregular_city, serial_column_ruins,
          column_ruins_columns_straight, column_ruins_corridor_T,
          column_ruins_corridor_straight, nicolae_dithmenos_shadow_blocks,
          xom_shifter_show
D:15:     hangedman_slaughterboxes, uniq_kirke
Temple:   hellmonk_temple_of_storms
Lair:1:   layout_gridlike, special_room [special_room_bee], hibernation_bobbens,
          grunt_megastairs_5
Orc:1:    layout_caves
Orc:2:    pubby_orc_utopia, uniq_maurice

Skill      XL: |  1  2  3  4  5  6  7  8  9 10 11 12 13 14 |
---------------+-------------------------------------------+-----
Axes           | 2 3 4 5 7 8 10 11 12 13 | 13.4
Armour         | 3 4 5 7 8 |  8.0
Shields        | 3 4 5 6 7 8 9 10 | 10.8
Dodging        | 1 3 4 5 6 |  6.8
Fighting       | 4 5 6 7 8 9 |  9.4
Throwing       | 1 2 |  2.1
Stealth        | 1 2 |  2.1
Evocations     | 4 6 8 |  8.5
Invocations    | 4 6 8 9 |  9.3
Long Blades    | |  0.8

Action                   |  1- 3 |  4- 6 |  7- 9 | 10-12 | 13-15 || total
-------------------------+-------+-------+-------+-------+-------++-------
Melee: War axe           |   107 |   134 |   395 |   127 |       ||   763
       Headbutt          |     7 |    17 |    85 |   190 |   148 ||   447
       Broad axe         |       |       |       |   574 |   592 ||  1166
       Scimitar          |       |       |       |       |     5 ||     5
Throw: Stone             |     3 |    21 |     5 |       |       ||    29
       Boomerang         |       |       |     7 |    10 |    14 ||    31
Invok: Upheaval          |       |       |       |     7 |     2 ||     9
       Elemental Force   |       |       |       |     4 |     4 ||     8
Evoke: Wand              |       |       |       |     1 |     1 ||     2
       Piece from Xom's  |       |       |       |       |     4 ||     4
  Use: Scroll            |       |    13 |     6 |    11 |     6 ||    36
       Potion            |       |       |       |     1 |     3 ||     4
 Stab: Paralysed         |       |       |       |     1 |     1 ||     2
       Petrified         |       |       |       |       |     1 ||     1
Armor: Scale mail        |    57 |    20 |       |       |       ||    77
       Leather armour    |       |    50 |   226 |   227 |       ||   503
       Chain mail        |       |     1 |       |       |       ||     1
       Plate armour      |       |       |       |    32 |   308 ||   340
Dodge: Dodged            |    48 |    76 |   203 |   281 |   130 ||   738
Block: Buckler           |    29 |    41 |    15 |       |       ||    85
       Kite shield       |       |       |   220 |   598 |   569 ||  1387

Table legend: (Time is in decaauts)
 A = Elapsed time spent in this place.
 B = Non-inter-level travel time spent in this place.
 C = Inter-level travel time spent in this place.
 D = Time resting spent in this place.
 E = Time spent auto-exploring this place.
 F = Levels seen in this place.
 G = Mean time per level.
                   A        B        C        D        E       F      G
               +--------+--------+--------+--------+--------+-----+--------+
         Total |  19889 |  19346 |    543 |   1476 |   8435 |  20 |  994.5 |
       Dungeon |  17108 |  16567 |    541 |   1329 |   7742 |  15 | 1140.5 |
        Temple |     16 |     16 |      0 |      0 |      0 |   1 |   16.0 |
          Lair |      8 |      8 |      0 |      0 |      0 |   1 |    8.0 |
  Orcish Mines |   2188 |   2188 |      0 |    130 |    693 |   2 | 1094.0 |
        Bailey |    568 |    568 |      0 |     17 |      0 |   1 |  568.0 |
               +--------+--------+--------+--------+--------+-----+--------+

Top non-repeatable levels by time:
    D:12: 2017 daAuts
    D:11: 1777 daAuts
     D:5: 1637 daAuts
    D:15: 1552 daAuts
   Orc:2: 1520 daAuts
     D:6: 1091 daAuts
    D:14: 1033 daAuts
     D:3: 981 daAuts
     D:4: 960 daAuts
     D:2: 939 daAuts
    D:10: 917 daAuts
    D:13: 892 daAuts
     D:9: 887 daAuts
     D:7: 873 daAuts
     D:1: 817 daAuts
